Map: Dusk Towers

Players

Miszu - Winner!

  • Race: Terran Terran
  • League: Master

IlIlIlIlIl

  • Race: Protoss Protoss
  • League: Master

VOD

Have the link to the VOD?

Description

Time

  • Played on: March 25, 2016, 3:30 p.m.
  • Length: 9:20
Show
View Real Time Build Order
Export as new Build Order

Miszu Terran - Winner!

Build Orders: Command Center First (CC), MMM Bio 

Get SALT Encoding   

  12  0:01  SCV  
  13  0:13  SCV  
  14  0:23  Supply Depot  
  14  0:25  SCV  
  15  0:44  SCV  
  16  0:56  SCV  
  17  1:04  Command Center  
  17  1:09  SCV  
  18  1:16  Barracks  
  18  1:21  SCV  
  19  1:32  Barracks  
  19  1:33  SCV  
  20  1:43  Barracks  
  20  1:46  SCV  
  21  2:03  Marine, Orbital Command  
  22  2:19  Marine  
  23  2:26  Marine, Orbital Command  
  24  2:30  Marine, SCV  
  26  2:37  Marine  
  26  2:42  SCV  
  26  2:43  Marine  
  26  2:44  Refinery x2  
  29  2:51  Supply Depot  
  29  2:54  Marine, SCV x2  
  29  2:56  Marine  
  33  3:01  Marine  
  34  3:06  SCV  
  34  3:11  Marine  
  34  3:12  SCV  
  37  3:14  Marine  
  37  3:19  Marine  
  37  3:23  Supply Depot, SCV  
  38  3:29  Marine, SCV  
  38  3:31  Marine  
  40  3:35  SCV  
  40  3:37  Marine  
  42  3:41  SCV  
  42  3:47  Marine, SCV  
  45  3:49  Marine  
  45  3:53  SCV  
  48  3:58  Barracks Tech Lab  
  48  4:00  SCV  
  48  4:04  Factory  
  48  4:05  Marine  
  48  4:06  SCV  
  48  4:07  Marine  
  51  4:10  Supply Depot  
  51  4:12  SCV  
  52  4:18  Marine, SCV, Stimpack  
  54  4:25  Refinery  
  54  4:27  Engineering Bay  
  54  4:32  Marine x2, SCV x2  
  54  4:33  Supply Depot  
  54  4:36  Marine  
  59  4:44  SCV x2  
  61  4:49  Marine x2  
  62  4:54  Marine  
  62  4:56  Starport, SCV x2  
  58  5:07  Marine x2, Factory Reactor  
  58  5:08  SCV x2, Missile Turret  
  58  5:09  Missile Turret  
  58  5:12  Marauder  
  62  5:20  SCV x2  
  60  5:22  Supply Depot  
  60  5:24  Terran Infantry Weapons Level 1  
  60  5:25  Marine x2  
  61  5:29  Liberator  
  61  5:31  Barracks, Liberator  
  61  5:32  SCV  
  61  5:34  Marauder  
  64  5:36  Barracks, SCV  
  65  5:43  Refinery  
  65  5:44  SCV  
  65  5:48  SCV  
  73  5:57  Supply Depot, SCV  
  73  6:00  SCV  
  72  6:05  Barracks Reactor, Barracks Tech Lab  
  72  6:09  SCV  
  73  6:12  SCV  
  73  6:13  Marauder  
  76  6:21  Marine, SCV  
  76  6:23  Marine  
  76  6:24  SCV  
  76  6:25  Command Center  
  77  6:34  Marine, Medivac x2  
  77  6:35  Marauder  
  77  6:39  Supply Depot x2, Marine  
  85  6:44  Marine  
  86  6:54  Supply Depot  
  86  7:00  Supply Depot, Marine x4  
  86  7:01  Marauder  
  92  7:02  Marine  
  92  7:03  Supply Depot  
  92  7:05  Medivac  
  92  7:07  Medivac  
  97  7:16  Concussive Shells  
  97  7:17  Combat Shields  
  97  7:18  Marine x2  
  97  7:19  Marauder  
  97  7:20  Terran Infantry Armor Level 1  
  101  7:23  Marine, Marauder  
  101  7:27  Supply Depot, Marine  
  105  7:36  Marine x2  
  107  7:37  Orbital Command  
  107  7:38  Liberator  
  107  7:39  Liberator  
  107  7:40  Marauder  
  107  7:41  Marine  
  110  7:44  Marine  
  110  7:45  Marine  
  111  7:54  Marine x2  
  119  7:59  Marine  
  119  8:01  Marauder  
  119  8:02  Supply Depot  
  119  8:03  Marine, Marauder  
  125  8:11  Marine x2  
  123  8:18  Marine  
  123  8:19  Orbital Command  
  123  8:21  Marine  
  123  8:23  Marauder  
  123  8:24  Marauder  
  128  8:29  Marine  
  129  8:37  Missile Turret  
  129  8:38  Marine  
  129  8:39  Marine  
  132  8:44  Refinery, Marauder  
  132  8:45  Marauder  
  132  8:47  SCV  
  132  8:48  Marine x2  
  138  8:49  Refinery  
  139  8:56  Marine  
  139  8:57  Marine  
Show
View Real Time Build Order
Export as new Build Order

IlIlIlIlIl Protoss 

Build Orders: Blink Stalkers, Dark Templar Rush 

Get SALT Encoding   

  12  0:00  Probe (Chrono Boost)  
  13  0:11  Probe (Chrono Boost)  
  14  0:17  Pylon  
  14  0:22  Probe (Chrono Boost)  
  16  0:35  Probe (Chrono Boost)  
  16  0:38  Gateway  
  16  0:46  Probe (Chrono Boost)  
  16  0:47  Assimilator  
  17  0:57  Probe (Chrono Boost)  
  18  1:07  Probe (Chrono Boost)  
  19  1:14  Gateway  
  19  1:19  Probe (Chrono Boost)  
  20  1:27  Cybernetics Core  
  20  1:29  Probe (Chrono Boost)  
  21  1:35  Assimilator  
  21  1:40  Pylon, Probe (Chrono Boost)  
  22  1:50  Probe (Chrono Boost)  
  23  2:01  Probe (Chrono Boost)  
  24  2:05  Adept (Chrono Boost)  
  24  2:06  Adept (Chrono Boost)  
  24  2:07  Warp Gate (Chrono Boost)  
  28  2:14  Mothership Core (Chrono Boost)  
  30  2:20  Pylon  
  30  2:36  Probe (Chrono Boost)  
  31  2:47  Nexus  
  31  2:57  Twilight Council  
  31  3:03  Pylon  
  31  3:07  Probe  
  32  3:20  Probe  
  33  3:33  Probe  
  32  3:43  Dark Shrine  
  32  3:44  Robotics Facility  
  32  3:45  Probe (Chrono Boost)  
  31  3:55  Blink (Chrono Boost)  
  31  3:56  Probe (Chrono Boost)  
  31  3:59  Probe (Chrono Boost)  
  33  4:07  Probe  
  33  4:08  Probe  
  35  4:19  Probe x2  
  35  4:21  Stalker x2  
  41  4:26  Pylon  
  41  4:32  Warp Prism (Chrono Boost)  
  41  4:33  Probe  
  41  4:34  Probe  
  45  4:45  Probe  
  45  4:46  Sentry, Stalker, Probe  
  45  4:51  Pylon  
  51  4:58  Probe  
  48  5:03  Probe  
  46  5:09  Stalker  
  46  5:10  Stalker  
  46  5:11  Probe  
  52  5:14  Observer (Chrono Boost)  
  52  5:16  Probe  
  53  5:23  Probe  
  53  5:24  Assimilator  
  53  5:25  Assimilator  
  54  5:33  Dark Templar  
  54  5:35  Probe (Chrono Boost)  
  57  5:36  Nexus  
  57  5:37  Pylon, Probe (Chrono Boost)  
  58  5:43  Observer  
  58  5:46  Probe (Chrono Boost)  
  58  5:48  Pylon, Probe (Chrono Boost)  
  61  5:53  Pylon  
  61  5:56  Probe (Chrono Boost)  
  62  5:59  Probe (Chrono Boost)  
  63  6:05  Adept x2  
  63  6:07  Resonating Glaives (Chrono Boost), Probe (Chrono Boost)  
  63  6:09  Probe (Chrono Boost)  
  69  6:16  Forge  
  69  6:18  Probe (Chrono Boost)  
  70  6:20  Probe (Chrono Boost)  
  70  6:21  Immortal  
  75  6:28  Probe (Chrono Boost)  
  77  6:36  Mothership Core (Chrono Boost)  
  77  6:39  Protoss Ground Armor Level 1 (Chrono Boost)  
  78  6:40  Pylon  
  78  6:49  Gateway  
  78  6:52  Gateway x2  
  78  6:57  Gateway  
  76  7:01  Pylon  
  76  7:02  Sentry x2, Immortal  
  76  7:04  Pylon  
  84  7:10  Probe x2  
  84  7:15  Probe  
  87  7:21  Pylon  
  87  7:23  Pylon  
  87  7:28  Pylon  
  87  7:29  Stalker x2, Pylon  
  91  7:35  Probe x3  
  94  7:45  Warp Prism  
  96  7:52  Stalker x4  
  96  7:54  Stalker  
  88  8:16  Stalker x4  
  88  8:17  Stalker  
  88  8:19  Adept  
  96  8:21  Immortal  
  96  8:26  Probe x2  
  102  8:29  Probe  
  102  8:32  Assimilator  
  102  8:33  Assimilator  
  101  8:39  Adept x3  
  101  8:40  Adept, Dark Templar  
  101  8:41  Adept  
  92  9:04  Stalker  
  92  9:05  Stalker x4  
Tags
 
Add a new tag
Caveats
  • Supply blocks, unpowered buildings, or Contaminate may cause inaccurate times.
  • Supply counts are checked every 10 seconds.